 Dungeon Crawl Stone Soup version 0.21.1-1-g345015f (webtiles) character file.

11 tidbits the Grave Robber (level 2, 5/20 HPs)
             Began as a Gnoll Necromancer on June 25, 2018.
             Quit the game on level 1 of the Dungeon.
             The game lasted 00:01:34 (198 turns).

tidbits the Grave Robber (Gnoll Necromancer)         Turns: 198, Time: 00:01:35

Health: 5/20       AC:  3    Str: 10    XL:     2   Next: 29%
Magic:  0/7        EV: 14    Int: 17    God:
Gold:   8          SH:  0    Dex: 15    Spells: 8/10 levels left

rFire    . . .     SeeInvis .   f - -1 club (curse)
rCold    . . .     Gourm    .   (no shield)
rNeg     . . .     Faith    .   a - +0 robe
rPois    .         Spirit   +   (no helmet)
rElec    .         Reflect  .   (no cloak)
rCorr    .         Harm     .   (no gloves)
MR       .....                  F - +0 pair of boots
Stlth    +++.......             h - amulet of guardian spirit
HPRegen  0.06/turn              (no ring)
MPRegen  0.10/turn              (no ring)

@: no status effects
A: distributed training, fangs 1, strong nose
a: no special abilities


You were on level 1 of the Dungeon.
You were not hungry.

You visited 1 branch of the dungeon, and saw 2 of its levels.

You collected 8 gold pieces.

Inventory:

Hand Weapons
 f - a cursed -1 club (weapon)
Armour
 a - a +0 robe (worn)
 F - a +0 pair of boots (worn)
Jewellery
 h - an amulet of guardian spirit (around neck)
   (You found it on level 1 of the Dungeon)
Scrolls
 d - a scroll of immolation {unknown}
 e - 3 scrolls of identify {unknown}
 g - 2 scrolls of magic mapping
Books
 b - a book of Necromancy

   Spells                             Type                      Level
   a - Pain                           Necromancy                   1
   b - Animate Skeleton               Necromancy                   1
   c - Vampiric Draining              Necromancy                   3
   d - Regeneration                   Charms/Necromancy            3
   e - Animate Dead                   Necromancy                   4
   f - Borgnjor's Vile Clutch         Necromancy/Earth             5
Comestibles
 c - 2 rations


   Skills:
 + Level 0.3 Fighting
 + Level 0.3 Short Blades
 + Level 0.3 Long Blades
 + Level 0.3 Axes
 + Level 0.3 Maces & Flails
 + Level 0.3 Polearms
 + Level 0.3 Staves
 + Level 0.3 Slings
 + Level 0.3 Bows
 + Level 0.3 Crossbows
 + Level 0.3 Throwing
 + Level 0.3 Armour
 + Level 4.4 Dodging
 + Level 4.0 Stealth
 + Level 0.3 Shields
 + Level 0.3 Unarmed Combat
 + Level 4.9 Spellcasting
 + Level 0.2 Conjurations
 + Level 0.2 Hexes
 + Level 0.2 Charms
 + Level 0.2 Summonings
 + Level 7.0 Necromancy
 + Level 0.2 Translocations
 + Level 0.2 Transmutations
 + Level 0.2 Fire Magic
 + Level 0.2 Ice Magic
 + Level 0.2 Air Magic
 + Level 0.2 Earth Magic
 + Level 0.2 Poison Magic
 + Level 0.4 Invocations
 + Level 0.3 Evocations


You had 8 spell levels left.
You knew the following spells:

 Your Spells              Type           Power        Failure   Level  Hunger
a - Pain                  Necr           ####         1%          1    None
n - Animate Skeleton      Necr           N/A          1%          1    None


Dungeon Overview and Level Annotations

Branches:
Dungeon (2/15)

Altars:


Innate Abilities, Weirdness & Mutations

Your experience applies equally to all skills.
You have very sharp teeth.
Your uncanny sense of smell can sniff out nearby items.


Message History

Press: ? - help, Shift-Dir - straight line, f - bat
Aim: a bat (resting, chance to defeat MR: 93%)
The bat writhes in agony!
You kill the bat!
You have reached level 2!
Memorise Animate Skeleton, consuming 1 spell level and leaving 8?
You start memorising the spell.
You continue memorising.
You finish memorising.
Spell assigned to 'n'.
Unknown command.
A frilled lizard comes into view.
A bat, a rat and a hobgoblin come into view.
Found a scroll labeled LIPYRY LIPIRPHI and a pair of boots.
Found a stone staircase leading down.
Casting: Pain
Confirm with . or Enter, or press ? or * to list all spells.
Aiming: Pain
Press: ? - help, Shift-Dir - straight line, f - rat
Aim: a rat (resting, chance to defeat MR: 93%)
The rat writhes in agony!
You kill the rat!
The hobgoblin shouts!
The frilled lizard hisses angrily.
Unknown command.
The bat hits you but does no damage. The bat completely misses you.
Casting: Pain
Confirm with . or Enter, or press ? or * to list all spells.
Aiming: Pain
Press: ? - help, Shift-Dir - straight line, f - bat
Aim: a bat (chance to defeat MR: 93%)
The bat writhes in agony!
The bat hits you.
* * * LOW HITPOINT WARNING * * *
Casting: Pain
Confirm with . or Enter, or press ? or * to list all spells.
Aiming: Pain
Press: ? - help, Shift-Dir - straight line, f/p - bat
Aim: a bat (severely wounded, chance to defeat MR: 93%)
The bat writhes in agony!
You kill the bat!
Casting: Pain
Confirm with . or Enter, or press ? or * to list all spells.
Aiming: Pain
Press: ? - help, Shift-Dir - straight line, f - frilled lizard
Aim: a frilled lizard (chance to defeat MR: 93%)
The frilled lizard writhes in agony!
You kill the frilled lizard!
Casting: Pain
Confirm with . or Enter, or press ? or * to list all spells.
Aiming: Pain
Press: ? - help, Shift-Dir - straight line, f - hobgoblin
Aim: a hobgoblin, wielding a club (chance to defeat MR: 93%)
The hobgoblin writhes in agony!
You kill the hobgoblin!
Things that are here:
a club; a hobgoblin corpse
There is a stone staircase leading down here.
You climb downwards.
There is a stone staircase leading up here.
Unknown command.
You climb upwards.
There is a stone staircase leading down here.
Unknown command.
You see here a scroll labeled LIPYRY LIPIRPHI.
e - 2 scrolls labeled LIPYRY LIPIRPHI (gained 1)
You see here a pair of boots.
h - a pair of boots Wear which item? (? for menu, Esc to quit)
You start putting on your armour.
You continue putting on your pair of boots. x4
You finish putting on your +0 pair of boots.
Adjust (i)tems, (s)pells, or (a)bilities?
Adjust which item? (? for menu, Esc to quit)
h - a +0 pair of boots (worn)
Adjust to which letter? (? for menu, Esc to quit)
F - a +0 pair of boots (worn)
As you read the scroll labeled GOALICH ARGHU, it crumbles to dust.
You feel aware of your surroundings.
It was a scroll of magic mapping.
Found a blackened ruby amulet.
A rat comes into view.
Found a scroll labeled LIPYRY LIPIRPHI.
A rat comes into view.
You see here a scroll labeled LIPYRY LIPIRPHI.
e - 3 scrolls labeled LIPYRY LIPIRPHI (gained 1)
You see here a blackened ruby amulet.
Casting: Pain
Confirm with . or Enter, or press ? or * to list all spells.
Aiming: Pain
Press: ? - help, Shift-Dir - straight line, f - rat
Aim: a rat (chance to defeat MR: 93%)
The rat writhes in agony!
Casting: Pain
Confirm with . or Enter, or press ? or * to list all spells.
Aiming: Pain
Press: ? - help, Shift-Dir - straight line, f/p - rat
Aim: a rat (heavily wounded, chance to defeat MR: 93%)
The rat writhes in agony!
You kill the rat!
h - a blackened ruby amulet Put on which piece of jewellery? (? for menu, Esc to quit)
You feel your power drawn to a protective spirit.
h - an amulet of guardian spirit (around neck) Are you sure you want to abandon this character and quit the game? (Confirm with "yes".)

*** *,, *,, ### ******** *,, ..#
*,,,,,,****,, #.###########
*,,,,,,**,,,,
#.#.........#########...,,,**,,,,
#...............@.†.....,,,,,,,,,
#>......###.###.#####...,,,**,,,,
.##)###.# #.# #.# *********,,,∆
.##.# #.# #.# #.# *,,,, .##.#
#.#*#.# #.# **### .##.# #..*#.#
#.# #.. .##.# ##.##.# #.########
#.# .##.####..#.#
#.##!....########.#
.##.......#.#*#.##...............


There were no monsters in sight!

Vanquished Creatures
  2 bats (D:1)
  2 goblins (D:1)
  3 hobgoblins (D:1)
  A frilled lizard (D:1)
  3 rats (D:1)
11 creatures vanquished.

Notes
Turn   | Place    | Note
-------+----------+-------------------------------------------
     0 | D:1      | tidbits the Gnoll Necromancer began the quest for the Orb.
     0 | D:1      | Reached XP level 1. HP: 13/13 MP: 6/6
   122 | D:1      | Reached XP level 2. HP: 10/19 MP: 3/7
   125 | D:1      | Learned a level 1 spell: Animate Skeleton
   198 | D:1      | Quit the game

Action                   || total
-------------------------++-------
 Cast: Pain              ||    18
  Use: Scroll            ||     1
Armor: Robe              ||     1
Dodge: Dodged            ||     1

Table legend:
 A = Turns spent in this place as a percentage of turns spent in the entire game.
 B = Non-inter-level travel turns spent in this place as a percentage of non-inter-level travel turns spent in the entire game.
 C = Inter-level travel turns spent in this place as a percentage of turns spent in this place.
 D = Turns resting spent in this place as a percentage of non-inter-level travel turns spent in this place.
 E = Turns spent auto-exploring this place as a percentage of non-inter-level travel turns spent in this place.
 F = Non-inter-level travel turns spent in this place divided by the number of levels of this place that you've seen.
                   A       B       C       D       E      F
               +-------+-------+-------+-------+-------+----------------------
         Total | 100.0 | 100.0 |   0.0 |   0.0 |   0.0 |  99.0
       Dungeon | 100.0 | 100.0 |   0.0 |   0.0 |   0.0 |  99.0
               +-------+-------+-------+-------+-------+----------------------

Table legend:
 A = Kills in this place as a percentage of kills in entire the game.
 B = Kills by you in this place as a percentage of kills by you in the entire game.
 C = Kills by friends in this place as a percentage of kills by friends in the entire game.
 D = Other kills in this place as a percentage of other kills in the entire game.
 E = Experience gained in this place as a percentage of experience gained in the entire game.
 F = Experience gained in this place divided by the number of levels of this place that you have seen.
                   A       B       C       D       E      F
               +-------+-------+-------+-------+-------+----------------------
         Total | 100.0 | 100.0 |   N/A |   N/A | 100.0 |   8.5
       Dungeon | 100.0 | 100.0 |   N/A |   N/A | 100.0 |   8.5
               +-------+-------+-------+-------+-------+----------------------

Vault maps used:
D:1:      shiori_arrival_elements
D:2:      lemuel_coloured_pillars_altar, hangedman_abyss_or_decor_stabs
